Map: Lerilak Crest

Players

LilDicky - Winner!

  • Race: Terran Terran
  • League: Diamond

Rayman

  • Race: Protoss Protoss
  • League: Platinum

VOD

http://www.twitch.tv/tumescentpie

Description

Time

  • Played on: Dec. 11, 2015, 2:05 a.m.
  • Length: 12:00
Show
View Real Time Build Order
Export as new Build Order

LilDicky Terran - Winner!

Build Orders: MMM Bio 

Get SALT Encoding   

  12  0:01  SCV  
  13  0:13  SCV  
  14  0:22  Supply Depot  
  14  0:25  SCV  
  15  0:44  SCV  
  15  0:47  Barracks  
  16  0:57  SCV, Refinery  
  17  1:09  SCV  
  18  1:21  SCV  
  19  1:35  Marine  
  19  1:38  Supply Depot  
  20  1:40  Orbital Command  
  20  1:56  Barracks  
  20  1:58  Barracks  
  20  2:01  Marine  
  21  2:08  Factory  
  21  2:10  SCV  
  22  2:18  Refinery  
  22  2:27  Barracks Reactor  
  22  2:34  SCV  
  23  2:41  Supply Depot  
  23  2:46  SCV  
  24  2:54  Barracks Tech Lab x2  
  24  2:58  SCV  
  24  3:05  Supply Depot, Marine x2  
  24  3:07  Widow Mine  
  28  3:13  Stimpack  
  28  3:14  Marine  
  28  3:15  Marine  
  30  3:23  Combat Shields, Marine x2  
  32  3:31  SCV  
  33  3:35  Widow Mine  
  33  3:36  Marine  
  36  3:43  SCV  
  35  3:57  Marine x3  
  35  3:58  Marauder  
  35  3:59  SCV  
  41  4:04  Starport, Widow Mine  
  43  4:21  Marauder, Marine  
  43  4:22  Marauder  
  46  4:25  Marine  
  46  4:30  SCV  
  48  4:32  Supply Depot  
  46  4:43  Marauder x2  
  46  4:44  Medivac  
  52  4:50  Concussive Shells  
  52  4:52  Marine  
  53  4:53  Marine  
  54  5:04  Marine, Marauder  
  57  5:14  Marine x2  
  59  5:23  Marauder  
  61  5:28  Supply Depot  
  61  5:29  SCV  
  62  5:40  Medivac, Marauder  
  44  6:01  Orbital Command  
  43  6:08  Widow Mine  
  38  7:34  Orbital Command  
  38  7:54  Starport Tech Lab  
  38  8:02  SCV  
  39  8:28  Banshee  
  42  8:44  Refinery  
  37  9:41  Supply Depot  
  37  10:07  Supply Depot  
  37  10:36  Supply Depot  
  37  10:41  SCV  
  37  10:53  SCV  
  37  10:57  Widow Mine  
  37  11:05  SCV  
  37  11:12  Supply Depot  
  37  11:17  SCV  
  37  11:30  SCV  
  37  11:42  SCV  
  37  11:51  Refinery  
Show
View Real Time Build Order
Export as new Build Order

Rayman Protoss 

Build Orders: 1 Gate Expand 

Get SALT Encoding   

  12  0:01  Probe (Chrono Boost)  
  13  0:12  Probe (Chrono Boost)  
  14  0:18  Pylon  
  14  0:22  Probe (Chrono Boost)  
  15  0:36  Probe (Chrono Boost)  
  15  0:38  Gateway  
  16  0:47  Probe (Chrono Boost)  
  16  0:48  Assimilator  
  17  0:57  Probe (Chrono Boost)  
  18  1:08  Probe (Chrono Boost)  
  19  1:23  Nexus  
  19  1:31  Cybernetics Core, Probe (Chrono Boost)  
  20  1:38  Pylon  
  20  1:42  Probe (Chrono Boost)  
  21  1:48  Assimilator  
  21  1:53  Probe (Chrono Boost)  
  22  2:05  Probe (Chrono Boost)  
  23  2:10  Warp Gate  
  23  2:11  Adept  
  23  2:15  Probe (Chrono Boost)  
  26  2:26  Mothership Core (Chrono Boost)  
  27  2:42  Robotics Facility  
  27  2:44  Probe x2 (Chrono Boost)  
  27  2:50  Adept  
  31  2:55  Probe x2 (Chrono Boost)  
  33  3:02  Pylon  
  35  3:05  Probe x2 (Chrono Boost)  
  35  3:11  Gateway  
  35  3:16  Probe (Chrono Boost)  
  36  3:22  Gateway  
  36  3:23  Probe (Chrono Boost)  
  36  3:26  Adept  
  39  3:38  Probe (Chrono Boost)  
  41  3:48  Observer (Chrono Boost)  
  41  4:02  Probe  
  42  4:07  Warp Prism (Chrono Boost)  
  44  4:18  Probe  
  44  4:20  Probe  
  46  4:30  Probe  
  47  4:38  Adept  
  47  4:39  Probe  
  50  4:47  Probe  
  50  4:50  Probe, Pylon  
  52  4:56  Pylon  
  52  5:05  Probe  
  52  5:07  Assimilator  
  53  5:09  Immortal (Chrono Boost)  
  53  5:11  Assimilator  
  57  5:18  Probe  
  57  5:20  Probe  
  59  5:25  Gateway, Nexus  
  59  5:27  Pylon  
  59  5:29  Probe, Gateway  
  59  5:30  Assimilator  
  59  5:32  Probe  
  59  5:35  Pylon  
  61  5:40  Probe, Adept  
  62  5:44  Probe  
  60  5:53  Adept x2  
  33  7:30  Pylon  
  33  7:32  Nexus  
  33  7:37  Pylon  
  33  7:39  Pylon  
  33  7:41  Pylon  
  29  8:55  Probe  
  30  9:05  Probe  
Tags
 
Add a new tag
Caveats
  • Supply blocks, unpowered buildings, or Contaminate may cause inaccurate times.
  • Supply counts are checked every 10 seconds.